cohdb
Replays
Latest Replays
All Replays
Popular Replays
Top Player Replays
Match Explorer
How It Works
Community
CoH3 Stats
Reddit
Sign in to upload your games and track your stats! →
Sign in with Steam
Match 40722666
Unlisted
Match 40722666
Overview
Messages
Build Orders
End
Kradschützen Motorcycle Team
Panzergrenadier Squad
Panzergrenadier Squad
Construct Light Support Kompanie
Assault Grenadier Squad
Fire Support Elements
Flakvierling Half-track
2.5-tonne Medical Truck
Selects Panzerjäger Kommand Battlegroup
Selects Mine Fields
Selects Defensive Positions
Tungsten Core Ammunition
Veteran Squad Leaders
RipZblade
daWn
zoomy2
V1rus
Ignatius
Howardgzh
Dr. Tacosaurus
[GG]Quiq
0
0
Comments
sign in to comment!
No comments posted yet!